 Dungeon Crawl Stone Soup version 0.27.1-3-gb3d3a73c9e (webtiles) character file.

Game seed: 11609477469075668189

123339 belegose the Schismatic (level 16, -19/132 HPs)
             Began as a Yellow Draconian Abyssal Knight on Oct 5, 2021.
             Was an Elder of Lugonu.
             Demolished by a naga warrior (32 damage)
             ... on level 1 of the Snake Pit on Oct 7, 2021.
             The game lasted 03:22:41 (57723 turns).

belegose the Schismatic (DrAK)                     Turns: 57723, Time: 03:22:42

Health: -19/132    AC: 14    Str: 15    XL:     16   Next: 36%
Magic:  26/26      EV: 10    Int: 19    God:    Lugonu [****..]
Gold:   296        SH: 16    Dex: 11    Spells: 8/26 levels left

rFire    . . .     SeeInvis .   a - +4 scimitar (freeze)
rCold    . . .     Faith    .   v - +0 kite shield
rNeg     + . .     Spirit   .   (armour unavailable)
rPois    +         Reflect  +   (helmet restricted)
rElec    .         Harm     .   x - +0 cloak {rPois}
rCorr    +         Rampage  .   z - +2 pair of gloves of the Iron City of Dis {Will+}
Will     +++..                  l - +0 pair of boots
Stlth    ++++......             m - amulet of reflection
HPRegen  0.32/turn              s - ring of Winter {Wiz rN+}
MPRegen  0.20/turn              p - ring of willpower

@: about to teleport, constricted
A: spit acid, AC +9, unfitting armour, acidic bite, cold-blooded, acid
resistance
a: Breathe Acid, Renounce Religion, Depart the Abyss, Bend Space, Banish,
Corrupt


You were on level 1 of the Snake Pit.
You worshipped Lugonu.
Lugonu was greatly pleased with you.
You visited 7 branches of the dungeon, and saw 28 of its levels.
You visited the Abyss 1 time.
You also visited: Sewer.

You collected 2528 gold pieces.
You spent 2232 gold pieces at shops.

Inventory:

Hand Weapons
 a - a +4 scimitar of freezing (weapon)
 b - a +1 dagger of electrocution
 O - a +4 scimitar
Missiles
 g - a throwing net
 n - 91 poisoned darts (quivered)
 w - 3 silver javelins
 J - 3 javelins
 T - 5 curare-tipped darts
Armour
 l - a +0 pair of boots (worn)
 v - a +0 kite shield (worn)
 x - a +0 cloak of poison resistance (worn)
 z - the +2 pair of gloves of the Iron City of Dis (worn) {Will+}
   (You acquired it on level 1 of the Swamp)

   Will:      It increases your willpower.
Magical Staves
 R - a staff of fire
Jewellery
 f - a ring of protection from cold
 k - an amulet of the acrobat
 m - an amulet of reflection (around neck)
 p - a ring of willpower (right hand)
 s - the ring of Winter (left hand) {Wiz rN+}
   (You bought it in a shop on level 2 of the Orcish Mines)

   [ring of wizardry]

   It improves your spell success rate.
   rN:        It protects you from negative energy.
 E - the ring "Kyjanurr" {rC++ SInv}
   (You acquired it on level 1 of the Swamp)

   [ring of see invisible]

   rC:        It greatly protects you from cold.
   SInv:      It lets you see invisible.
 M - a ring of flight
 Q - a ring of fire
 W - a ring of fire
Wands
 r - a wand of flame (102)
 N - a wand of digging (5)
 U - a wand of paralysis (1)
Scrolls
 c - 11 scrolls of identify
 d - 3 scrolls of blinking
 t - a scroll of holy word
 y - a scroll of magic mapping
 A - 3 scrolls of enchant weapon
 D - 6 scrolls of fog
 F - a scroll of silence {unknown}
 H - 2 scrolls of fear
 I - 7 scrolls of teleportation
 L - 5 scrolls of amnesia
 S - a scroll of enchant armour
Potions
 e - 6 potions of might
 h - 2 potions of flight
 i - 3 potions of cancellation
 j - 4 potions of brilliance
 o - 11 potions of curing
 q - a potion of invisibility
 u - 13 potions of ambrosia
 B - 2 potions of magic
 C - 2 potions of resistance
 K - 4 potions of heal wounds
 P - 5 potions of lignification
 V - a potion of berserk rage
Miscellaneous
 G - a piece from Xom's chessboard (15/15)


   Skills:
 - Level 9.2 Fighting
 - Level 8.2 Long Blades
 - Level 8.2 Throwing
 - Level 6.7 Dodging
 - Level 10.0 Stealth
 - Level 10.3 Shields
 - Level 5.5 Spellcasting
 - Level 5.2 Conjurations
 - Level 8.1 Hexes
 - Level 6.8 Summonings
 + Level 0.2 Necromancy
 - Level 6.0 Air Magic
 - Level 5.0 Earth Magic
 - Level 13.8 Invocations
 - Level 7.6 Evocations


You had 8 spell levels left.
You knew the following spells:

 Your Spells              Type           Power      Damage    Failure   Level
a - Stone Arrow           Conj/Erth      48%        3d10      3%          3
b - Swiftness             Air            28%        N/A       2%          3
c - Summon Lightning Spi  Summ/Air       29%        N/A       6%          4
d - Tukima's Dance        Hex            36%        N/A       1%          3
e - Borgnjor's Vile Clut  Necr/Erth      7%         N/A       58%         5

Your spell library contained the following spells:

 Spells                   Type           Power      Damage    Failure   Level
 Corona                   Hex            40%        N/A       1%          1
 Shock                    Conj/Air       100%       1d9       1%          1
 Slow                     Hex            36%        N/A       1%          2
 Confusing Touch          Hex            36%        N/A       1%          3
 Foxfire                  Conj/Fire      60%        2x1d7     2%          1
 Ensorcelled Hibernation  Hex/Ice        40%        N/A       2%          2
 Poisonous Vapours        Pois/Air       32%        N/A       3%          2
 Inner Flame              Hex/Fire       20%        N/A       4%          3
 Portal Projectile        Hex/Tloc       40%        N/A       4%          3
 Airstrike                Air            14%        N/A       7%          4
 Sting                    Tmut/Pois      20%        1d4       9%          1
 Conjure Flame            Conj/Fire      15%        6-21      9%          3
 Vampiric Draining        Necr           3%         2d6       22%         3
 Lightning Bolt           Conj/Air       13%        1d26      22%         5
 Gell's Gravitas          Tloc           2%         N/A       26%         3
 Lesser Beckoning         Tloc           2%         N/A       26%         3
 Teleport Other           Tloc           5%         N/A       26%         3
 Freezing Cloud           Conj/Ice/Air   9%         6-21      43%         5
 Olgreb's Toxic Radiance  Pois           5%         N/A       61%         4
 Excruciating Wounds      Necr           3%         N/A       88%         5
 Alistair's Intoxication  Tmut/Pois      3%         N/A       90%         5
 Blade Hands              Tmut           2%         N/A       90%         5
 Eringya's Noxious Bog    Tmut/Pois      2%         N/A       100%        6
 Simulacrum               Ice/Necr       2%         N/A       100%        6
 Lehudib's Crystal Spear  Conj/Erth      12%        10d4      100%        8
 Polar Vortex             Ice            2%         N/A       100%        9
 Animate Armour           Summ/Erth      Unusable   N/A       N/A         4

Dungeon Overview and Level Annotations

Branches:
Dungeon (15/15)            Temple (1/1) D:5            Lair (6/6) D:10
  Swamp (2/4) Lair:3        Snake (1/4) Lair:4        Slime (0/5) Lair:5
    Orc (2/2) D:9             Elf (1/3) Orc:2        Vaults (0/5) D:14
 Depths (0/5) D:15          Sewer (visited)

Altars:
Dithmenos
Gozag
Hepliaklqana
Makhleb
Ru
Sif Muna
Uskayaw
Wu Jian
Xom
Yredelemnul
Zin
Beogh

Shops:
D:2 !   D:3 (   D:4 (   D:8 :   Orc:2 =:(!

Portals:
Hell: Lair:6

Annotations:
D:3 exclusion: door
D:5 2 runed translucent doors, 1 exclusion, 0gre's ghost, novice GnCj
D:6 1 runed translucent door, exclusion: door, Icepheonix32's ghost, novice DsSu
Lair:3 corrupted
Swamp:1 exclusion: door
Swamp:2 corrupted


Innate Abilities, Weirdness & Mutations

You can spit globs of acid.
Your golden yellow scales are hard. (AC +9)
You cannot fit into any form of body armour.
You have acidic saliva.
You are cold-blooded and may be slowed by cold attacks.
You are resistant to acid. (rCorr)


Message History

As you read the scroll of teleportation, it crumbles to dust.
You feel strangely unstable.
You block the guardian serpent's attack.
The naga warrior hits you with a +0 halberd!!
The naga warrior constricts you. The naga warrior spits poison at you.
The splash of poison hits you. The guardian serpent hits you.
The guardian serpent coils itself and waves its upper body at you.
The bolt of poison misses you.
The bolt of poison hits the naga warrior.
Unknown command.
Okay, then.
Casting: Swiftness (mildly dangerous; 2% risk of failure)
Confirm with . or Enter, or press ? or * to list all spells.
Okay, then.
You hit the naga warrior. You freeze the naga warrior.
The naga warrior is lightly wounded.
You block the guardian serpent's attack.
You block the naga warrior's attack. The naga warrior constricts you.
The guardian serpent hits you but does no damage.
You block the naga warrior's attack.
The guardian serpent closely misses you.
You slash the naga warrior! You freeze the naga warrior.
You tail-slap the naga warrior, but do no damage.
The naga warrior is lightly wounded.
You block the guardian serpent's attack.
You block the naga warrior's attack. The naga warrior constricts you.
The guardian serpent misses you.
You riposte.
You slash the guardian serpent! You freeze the guardian serpent.
Your tail-slap misses the guardian serpent.
The guardian serpent is moderately wounded.
The naga warrior roars a battlecry!
The naga warrior goes into a battle-frenzy!
The guardian serpent hits you!
* * * LOW HITPOINT WARNING * * *
The guardian serpent hits you!
* * * LOW HITPOINT WARNING * * *
You block the naga warrior's attack.
The naga warrior hits you with a +0 halberd!!
You die...

#...............## ##.#
##...............# ###
###.............# ##...........##
#......(...## ##........##
#......### ### ##..N#######.# ###
##.N@##.....# ###..
########...SS......# ##.... #
###.....##......[....# ##.....
####....................###......
.#^....................[##.......
..................[.)....#...####
....†..........#......[[.#.###...
.........).....##.....[).###.....
.......(........##...)..[N..N.NN.


You could see 2 naga warriors and 2 guardian serpents.

Vanquished Creatures
  2 nagarajas (Snake:1)
  A bunyip (Swamp:1)
  2 eleionomae
  A hell beast (Lair:6)
  2 catoblepae
  2 naga warriors (Snake:1)
  6 boulder beetles
  6 hydras
  A centaur warrior (D:14)
  5 anacondas
  An ogre mage (D:14)
  A death knight (D:12)
  6 two-headed ogres
  A spriggan berserker (Swamp:2)
  5 death yaks (Lair:4)
  A naga sharpshooter (Snake:1)
  A shock serpent (Snake:1)
  2 orc high priests
  A deep elf knight (Elf:1)
  9 skeletal warriors
  A salamander mystic (Snake:1)
  2 naga ritualists (Snake:1)
  A wizard (Lair:6)
  6 bog bodies
  Pikel (D:4)
  3 swamp dragons
  3 orc knights
  2 deep elf pyromancers (Orc:2)
  2 mana vipers (Lair:4)
  3 deep elf zephyrmancers
  4 orc sorcerers
  4 oklob plants
  4 cyclopes
  2 salamanders (Snake:1)
  7 ugly things
  3 will-o-the-wisps
  4 manticores
  8 elephants
  6 black mambas
  A torpor snail (Lair:5)
  2 gargoyles
  A naga mage (Snake:1)
  An orange demon (Lair:6)
  9 cane toads
  3 kobold demonologists
  7 komodo dragons
  6 rime drakes
  2 ice devils (Lair:6)
  A meliai (shapeshifter) (D:15)
  3 red devils
  8 trolls
  10 polar bears
  A queen bee (D:11)
  A tyrant leech (Lair:3)
  3 meliai
  5 blink frogs (Lair:5)
  10 slime creatures
  11 dream sheep
  6 hornets
  An air elemental (Elf:1)
  A centaur simulacrum (D:14)
  6 spriggans
  A water elemental (Orc:2)
  15 humans (D:14)
  A wraith (D:12)
  8 wyverns
  24 yaks
  3 basilisks
  2 steam dragons (D:8)
  5 wargs
  7 swamp worms
  5 vampire mosquitoes
  2 acid dragons
  3 nagas
  14 water moccasins
  2 hell hounds (Lair:6)
  25 orc warriors
  2 necrophages (D:6)
  A swamp drake (Swamp:1)
  3 ice beasts
  A sky beast (D:8)
  5 ogres
  22 wolves
  The ghost of pentaflop the Firebug, an amateur DsFE (D:3)
  9 centaurs
  14 kobold brigands
  2 lemures
  12 bullfrogs
  2 scorpions
  A wyvern skeleton (D:7)
  A water moccasin skeleton (D:7)
  27 killer bees
  20 wights
  A nameless horror (Snake:1)
  5 electric eels
  3 howler monkeys
  6 centaur zombies
  8 hounds
  2 jellies
  13 orc priests
  2 gnoll shamans
  28 orc wizards
  Natasha (D:2)
  2 iguanas
  A hound zombie (D:5)
  2 howler monkey zombies
  9 gnolls
  9 adders
  2 shadow imps
  A white imp (D:8)
  3 worms
  2 dart slugs (D:1)
  63 orcs
  10 ball pythons
  5 bats
  8 endoplasms
  5 giant cockroaches
  5 goblins
  4 hobgoblins
  8 jackals
  5 quokkas
  6 frilled lizards
  33 kobolds
  13 rats
726 creatures vanquished.

Vanquished Creatures (collateral kills)
  A ghost crab (Lair:3)
  An anaconda (Snake:1)
  3 two-headed ogres (D:14)
  A naga sharpshooter (Snake:1)
  2 goliath frogs
  3 naga ritualists (Snake:1)
  An orc knight (D:14)
  A deep elf zephyrmancer (Elf:1)
  An ugly thing (D:14)
  3 mana vipers
  A salamander (Snake:1)
  3 black mambas (Snake:1)
  4 naga magi (Snake:1)
  A slime creature (D:14)
  A spriggan (Lair:3)
  A vampire mosquito (Swamp:1)
  4 nagas (Snake:1)
  3 swamp worms
35 creatures vanquished.

Vanquished Creatures (others)
  An alligator (Swamp:2)
  A goliath frog (Swamp:2)
  A tyrant leech (Swamp:2)
  A bloated husk (Swamp:1)
  2 dancing weapons (Snake:1)
  A hornet simulacrum (D:14)
  A ball python (D:1)
  7 foxfires
  46 fungi
  110 plants
  9 starspawn tentacles (Swamp:2)
180 creatures vanquished.

Grand Total: 941 creatures vanquished

Notes
Turn   | Place    | Note
-------+----------+-------------------------------------------
     0 | Abyss:1  | belegose the Draconian Abyssal Knight began the quest for
                  | the Orb.
     0 | Abyss:1  | Reached XP level 1. HP: 19/19 MP: 2/2
    26 | Abyss:1  | Noticed a neqoxec
    28 | D:1      | Escaped the Abyss
    82 | D:1      | Reached * piety under Lugonu
   220 | D:1      | Reached XP level 2. HP: 26/26 MP: 3/3
   451 | D:1      | Reached skill level 1 in Stealth
   454 | D:1      | Found a faded altar of an unknown god.
   513 | D:1      | Reached XP level 3. HP: 33/33 MP: 4/4
   648 | D:1      | Reached ** piety under Lugonu
  1178 | D:2      | Reached XP level 4. HP: 38/40 MP: 6/6
  1338 | D:2      | Noticed Natasha
  1348 | D:2      | Killed Natasha
  1349 | D:2      | Reached skill level 3 in Invocations
  1676 | D:2      | Found Comaeran's Distillery.
  1684 | D:2      | Bought a potion of curing for 33 gold pieces
  2101 | D:3      | Noticed pentaflop's ghost (amateur DsFE)
  2101 | D:3      | Found a runed translucent gate.
  2101 | D:3      | Found a runed translucent gate.
  2101 | D:3      | Found a runed translucent gate.
  2151 | D:3      | Found Rabrime's Antique Weapon Emporium.
  2327 | D:3      | Found a basalt altar of Yredelemnul.
  2392 | D:3      | Found a shimmering altar of Xom.
  2445 | D:3      | Reached XP level 5. HP: 46/46 MP: 7/7
  2464 | D:3      | Found a shimmering blue altar of Sif Muna.
  2769 | D:3      | Found a glowing silver altar of Zin.
  3201 | D:4      | Identified the +3 leather armour of the Evening {Contam
                  | rPois Will+ Int+2}
  3251 | D:4      | Found Fiemia's Antique Weapon Shoppe.
  3261 | D:4      | Found a sacrificial altar of Ru.
  3323 | D:4      | Noticed a lemure
  3352 | D:4      | Killed a lemure
  3364 | D:4      | Found a glowing drain.
  3384 | D:4      | Reached *** piety under Lugonu
  3387 | D:4      | Noticed a lemure
  3390 | D:4      | Noticed a lemure
  3395 | Sewer    | Entered a sewer
  4823 | D:4      | Noticed a lemure
  5249 | D:4      | Reached XP level 6. HP: 53/53 MP: 8/8
  5351 | D:5      | Entered Level 5 of the Dungeon
  5454 | D:5      | Found a large runed translucent door.
  5455 | D:5      | Found a large runed translucent door.
  5456 | D:5      | Noticed 0gre's ghost (novice GnCj)
  5457 | D:5      | Noticed an ice beast
  5510 | D:5      | Found a staircase to the Ecumenical Temple.
  5526 | Temple   | Entered the Ecumenical Temple
  5613 | D:5      | Killed an ice beast
  5614 | D:5      | Reached skill level 4 in Invocations
  5755 | D:5      | Reached skill level 5 in Fighting
  6087 | D:5      | Noticed a water moccasin
  6097 | D:5      | Killed a water moccasin
  6098 | D:5      | Your scales start taking on a golden yellow colour.
  6098 | D:5      | Reached XP level 7. HP: 35/61 MP: 10/10
  6098 | D:5      | Gained mutation: You are resistant to acid. (rCorr) [Yellow
                  | Draconian growth]
  6930 | D:4      | Noticed Pikel
  7194 | D:4      | Killed Pikel
  7195 | D:4      | Reached skill level 5 in Long Blades
  7195 | D:4      | Reached skill level 5 in Invocations
  7195 | D:4      | Reached XP level 8. HP: 30/70 MP: 10/12
  7408 | D:4      | Found Fiemia's Antique Weapon Shoppe.
  7416 | D:4      | Found a sacrificial altar of Ru.
  7868 | D:6      | Noticed Icepheonix32's ghost (novice DsSu)
  7869 | D:6      | Found a runed translucent door.
  8123 | D:6      | Reached skill level 5 in Stealth
  8136 | D:6      | Paralysed by an orc for 2 turns
  8182 | D:6      | Reached **** piety under Lugonu
  8183 | D:6      | Reached skill level 6 in Invocations
  8555 | D:6      | Found an opulent altar of Gozag.
  8924 | D:4      | Bought a crude falchion for 216 gold pieces
  8924 | D:4      | Identified the +2 falchion of the Mind {vorpal, Str+2
                  | Int+3} (You bought it in a shop on level 4 of the Dungeon)
  9261 | D:6      | Reached XP level 9. HP: 72/75 MP: 13/13
  9528 | D:7      | Reached skill level 1 in Throwing
 10587 | D:8      | Reached skill level 7 in Invocations
 10917 | D:8      | Found Otwiahu's Book Boutique.
 11379 | D:8      | Reached skill level 5 in Evocations
 11502 | D:8      | Reached ***** piety under Lugonu
 11530 | D:8      | Reached XP level 10. HP: 68/83 MP: 15/15
 12251 | D:9      | Found a staircase to the Orcish Mines.
 12457 | D:9      | Noticed a two-headed ogre
 12488 | D:9      | Killed a two-headed ogre
 12489 | D:9      | Reached skill level 8 in Invocations
 12677 | D:9      | Noticed a rust devil
 13315 | D:9      | Identified a scroll of acquirement
 13315 | D:9      | Acquired a +0 cloak of poison resistance
 13530 | D:10     | Entered Level 10 of the Dungeon
 14241 | D:9      | Reached skill level 5 in Throwing
 14461 | D:10     | Reached skill level 9 in Invocations
 14886 | D:10     | Identified the +5 falchion "Zemiacex" {distort, rPois Will+
                  | Dex+4 Stlth-}
 14943 | D:10     | Noticed a two-headed ogre
 14948 | D:10     | Found a staircase to the Lair.
 14983 | D:10     | Killed a two-headed ogre
 14984 | D:10     | Reached XP level 11. HP: 89/89 MP: 17/17
 15341 | D:10     | Found a shadowy altar of Dithmenos.
 15342 | D:10     | Found a hazy altar of Hepliaklqana.
 15560 | Lair:1   | Entered Level 1 of the Lair of Beasts
 15642 | Lair:1   | Noticed a four-headed hydra
 15664 | Lair:1   | Banished a four-headed hydra
 16279 | Lair:1   | Reached skill level 1 in Shields
 17230 | Lair:2   | Reached skill level 10 in Invocations
 17902 | Lair:3   | Noticed a seven-headed hydra
 17908 | Lair:3   | Banished a seven-headed hydra
 17920 | Lair:3   | Noticed a bog body
 17933 | Lair:3   | Killed a bog body
 18861 | Lair:3   | Noticed a bog body
 18864 | Lair:3   | Noticed a bog body
 18868 | Lair:3   | Killed a bog body
 18869 | Lair:3   | Reached XP level 12. HP: 90/95 MP: 20/20
 18876 | Lair:3   | Reached skill level 11 in Invocations
 19055 | Lair:3   | Found a staircase to the Swamp.
 19062 | Lair:3   | Reached skill level 5 in Shields
 19414 | Lair:3   | HP: 3/95 [acid (6)]
 21904 | Lair:4   | Reached skill level 12 in Invocations
 21982 | Lair:4   | Noticed a death yak
 21982 | Lair:4   | Noticed a death yak
 21990 | Lair:4   | Noticed a death yak
 21991 | Lair:4   | Noticed a death yak
 22018 | Lair:4   | Killed a death yak
 22039 | Lair:4   | Noticed a death yak
 22078 | Lair:4   | Killed a death yak
 22226 | Lair:4   | Killed a death yak
 22412 | Lair:4   | Killed a death yak
 22668 | Lair:4   | Found a staircase to the Snake Pit.
 23040 | Lair:4   | You fall into a shaft and drop 2 floors!
 23040 | Lair:6   | Entered Level 6 of the Lair of Beasts
 23056 | Lair:6   | Noticed a five-headed hydra
 23057 | Lair:6   | Noticed a four-headed hydra
 23057 | Lair:6   | Noticed a five-headed hydra
 23063 | Lair:6   | Banished a five-headed hydra
 23065 | Lair:6   | Banished a five-headed hydra
 23066 | Lair:6   | Reached XP level 13. HP: 107/107 MP: 9/22
 24442 | Lair:4   | Reached skill level 13 in Invocations
 24588 | Lair:4   | Learned a level 3 spell: Stone Arrow
 24900 | Lair:5   | Reached skill level 1 in Conjurations
 24900 | Lair:5   | Reached skill level 1 in Earth Magic
 24908 | Lair:5   | Found a staircase to the Slime Pits.
 26563 | Lair:6   | Reached skill level 5 in Dodging
 28674 | Lair:6   | Gained mutation: You have acidic saliva. [Yellow Draconian
                  | growth]
 28674 | Lair:6   | Reached XP level 14. HP: 99/116 MP: 24/24
 29116 | Lair:6   | Found a burning altar of Makhleb.
 30859 | Lair:6   | Found a gateway to Hell.
 31086 | Orc:1    | Entered Level 1 of the Orcish Mines
 31855 | Orc:2    | Entered Level 2 of the Orcish Mines
 32193 | Orc:2    | Found a staircase to the Elven Halls.
 32917 | Orc:2    | Reached skill level 1 in Spellcasting
 32948 | Orc:2    | Reached skill level 5 in Conjurations
 33401 | Orc:2    | Reached skill level 5 in Earth Magic
 35632 | Orc:2    | Reached skill level 5 in Spellcasting
 36157 | Orc:2    | Found Feigeylu's Distillery.
 36157 | Orc:2    | Found Vukliy's Jewellery Shop.
 36159 | Orc:2    | Found Qinuapn's Antique Weapon Shoppe.
 36161 | Orc:2    | Found Rouckil's Book Shoppe.
 36575 | Orc:2    | Bought a potion of flight for 36 gold pieces
 36575 | Orc:2    | Bought a potion of heal wounds for 60 gold pieces
 36575 | Orc:2    | Bought a potion of might for 48 gold pieces
 36575 | Orc:2    | Bought a potion of lignification for 36 gold pieces
 36575 | Orc:2    | Bought a potion of heal wounds for 60 gold pieces
 36587 | Orc:2    | Bought a ring of willpower for 375 gold pieces
 36587 | Orc:2    | Bought the ring of Winter {Wiz rN+} for 618 gold pieces
 36598 | Orc:2    | Learned a level 3 spell: Swiftness
 37088 | D:11     | Reached skill level 1 in Air Magic
 40519 | D:8      | Bought a book of Storms for 480 gold pieces
 40674 | D:3      | Killed pentaflop's ghost
 40705 | D:3      | Learned a level 4 spell: Summon Lightning Spire
 41056 | D:12     | Reached XP level 15. HP: 97/124 MP: 25/25
 41157 | D:13     | Reached skill level 1 in Summonings
 41276 | D:13     | Identified the +12 battleaxe "Bietag" {holy, rElec Will+
                  | Str+3 Dex-4}
 42902 | D:13     | You fall into a shaft and drop 2 floors!
 42902 | D:15     | Entered Level 15 of the Dungeon
 42917 | D:15     | Found a hide-covered altar of Uskayaw.
 42964 | D:14     | Found a gate to the Vaults.
 43079 | D:14     | Found the +4 robe of Folly {Brilliance Will-∞ Int+8}
 43290 | D:15     | HP: 6/124 [yaktaur/bolt (23)]
 43326 | D:15     | Reached skill level 5 in Summonings
 44936 | D:14     | Reached skill level 5 in Air Magic
 45895 | D:14     | Reached skill level 10 in Shields
 46163 | D:14     | Found an ornate altar of the Wu Jian Council.
 46881 | Orc:2    | Bought a book of Maledictions for 270 gold pieces
 46885 | Orc:2    | Learned a level 3 spell: Tukima's Dance
 46949 | Elf:1    | Entered Level 1 of the Elven Halls
 47679 | Elf:1    | Reached skill level 1 in Hexes
 48699 | Swamp:1  | Entered Level 1 of the Swamp
 49513 | Swamp:1  | Acquired the ring "Kyjanurr" {rC++ SInv}
 49960 | Swamp:1  | Acquired the +2 pair of gloves of the Iron City of Dis
                  | {Will+}
 50158 | Lair:3   | Corrupted Lair:3
 50160 | Lair:3   | Noticed a tentacled starspawn
 50161 | Lair:3   | Noticed a deep elf sorcerer
 51091 | Swamp:1  | Reached skill level 5 in Hexes
 51378 | Swamp:1  | Noticed a tentacled monstrosity
 52843 | Swamp:2  | Reached XP level 16. HP: 132/132 MP: 26/26
 53419 | Swamp:2  | Corrupted Swamp:2
 53419 | Swamp:2  | Noticed a tentacled starspawn
 53419 | Swamp:2  | Noticed a tentacled starspawn
 53567 | Snake:1  | Entered Level 1 of the Snake Pit
 55462 | Snake:1  | Reached skill level 10 in Stealth
 57241 | Snake:1  | Learned a level 5 spell: Borgnjor's Vile Clutch
 57299 | Snake:1  | HP: 6/132 [poisoned by a guardian serpent (bolt of poison)]
 57723 | Snake:1  | Demolished by a naga warrior

Illustrated notes

Levels and vault maps discovered:
D:1:      shiori_arrival_oz, layout_basic, chequers_ecumenical_altar_simple,
          minmay_octomino_e4
D:2:      layout_basic, serial_shops, shop, uniq_natasha
D:3:      layout_rooms, led_sif_book, mainiacjoe_overflow_catch_the_wave,
          marbit_many_paths, serial_shops, shop, gammafunk_ghost_split,
          kennysheep_potato
D:4:      layout_loops_ring, nicolae_ru_sacrificial_ziggurat, serial_shops,
          shop, cheibrodos_sewer_entry_drain, uniq_pikel
D:5:      layout_cave_pods, minmay_temple_entry_hall,
          ebering_ghost_disaster_area, minmay_misc_feat_five
D:6:      layout_rooms, grunt_gozag_breadcrumbs, serial_rivers,
          chequers_serial_rivers_room_a, chequers_serial_rivers_micro_a,
          chequers_serial_rivers_small_3, chequers_serial_rivers_small_a,
          chequers_serial_rivers_large_b, hellmonk_ghost_happy_afterlife
D:7:      layout_loops_ring, minivault_25
D:8:      layout_rooms, serial_shops, nicolae_shop_behind_doors,
          hangedman_abyss_or_decor_stabs, minmay_joined_circles
D:9:      cheibrodos_helix_gallery, layout_cave_pods, orc_0_dummy
D:10:     layout_irregular_city, riverfiend_overflow_shadow_ancestor,
          erik_lair_island, grunt_decor_cap
D:11:     layout_roguey [special_room_bee], st_stairs_11
D:12:     layout_irregular_city, kennysheep_generic_room_4
D:13:     layout_stronghold
D:14:     kennysheep_windowed_halls, layout_gridville, david_vaults_3,
          serial_bayou_pond_e, nicolae_wu_jian_wuxing_cycle
D:15:     grunt_enter_depths_hoard, layout_small_grid,
          nicolae_uskayaw_dance_hall
Temple:   minmay_temple_curvy_branch
Lair:1:   layout_cave_pods, grunt_forest_large_clearing_hut
Lair:2:   layout_loops_ring
Lair:3:   beast_lair_carwin_large_1, layout_small_grid,
          nicolae_swamp_entry_splash_gauntlet, serial_bayou_ford_a,
          serial_bayou_shore_a, serial_bayou_shore_b, minmay_lair_oklob_chamber
Lair:4:   layout_regular_city, guppyfry_snake_entry_garden,
          grunt_forest_small_clearings, beast_lair_carwin_10
Lair:5:   layout_cave_pods, minmay_slime_entry_pillars
Lair:6:   evil_forest, layout_loops_ring
Swamp:1:  cheibrodos_swamp_monstrosity, layout_basic_swamp,
          nicolae_swamp_very_dense_foliage, swamp_pool1,
          nicolae_swamp_baby_hydras, infiniplex_staircase_pool
Swamp:2:  layout_basic_swamp, evilmike_swamp_ruin_house_6, swamp_pool1
Snake:1:  layout_cave_pods, drop_trap, nicolae_snake_magic_snake_eye,
          grunt_megastairs_5
Orc:1:    layout_caves, special_room [special_room_kobold],
          kennysheep_orc_chapel
Orc:2:    st_orc_elflike, layout_caves, basic_altar
Elf:1:    elf_arrival_002, layout_onion_city, serial_shops, shop,
          minmay_elf_sorcery, uniq_nikola

Skill      XL: |  1  2  3  4  5  6  7  8  9 10 11 12 13 14 15 16 |
---------------+-------------------------------------------------+-----
Stealth        | 1 2 3 4 5 6 8 9 10 | 10.0
Fighting       | 4 5 7 8 9 |  9.2
Invocations    | 3 4 5 6 7 9 10 12 13 | 13.8
Long Blades    | 3 4 5 6 7 8 |  8.2
Dodging        | 3 4 5 6 |  6.7
Evocations     | 2 3 5 7 |  7.6
Throwing       | 3 5 7 8 |  8.2
Shields        | 4 7 8 9 10 | 10.3
Conjurations   | 4 5 |  5.2
Earth Magic    | 3 5 |  5.0
Spellcasting   | 5 |  5.5
Air Magic      | 4 6 |  6.0
Summonings     | 6 |  6.8
Hexes          | 6 8 |  8.1
Necromancy     | |  0.2

Action                   |  1- 3 |  4- 6 |  7- 9 | 10-12 | 13-15 | 16-18 || total
-------------------------+-------+-------+-------+-------+-------+-------++-------
Melee: Falchion          |    95 |   213 |   154 |       |       |       ||   462
       Tailslap          |    13 |    29 |    45 |    76 |   211 |    16 ||   390
       Scimitar          |       |       |   138 |   502 |  1387 |   124 ||  2151
       Dagger            |       |       |     2 |    14 |   115 |     2 ||   133
       Bite              |       |       |       |       |   112 |    11 ||   123
Throw: Dart              |       |    13 |    44 |    55 |   211 |    13 ||   336
       Javelin           |       |       |    11 |    28 |    28 |       ||    67
       Throwing net      |       |       |       |       |     1 |       ||     1
 Cast: Stone Arrow       |       |       |       |       |    41 |    27 ||    68
       Summon Lightning  |       |       |       |       |    52 |    44 ||    96
       Tukima's Dance    |       |       |       |       |       |     8 ||     8
       Swiftness         |       |       |       |       |       |     2 ||     2
Invok: Depart the Abyss  |     1 |       |       |       |       |       ||     1
       Bend Space        |       |     1 |       |       |     2 |       ||     3
       Banish            |       |       |       |     7 |    26 |       ||    33
       Corrupt           |       |       |       |       |     1 |     1 ||     2
 Abil: Breathe Acid      |       |       |    17 |    29 |    68 |     1 ||   115
Evoke: Wand              |       |     8 |    13 |    17 |    36 |     4 ||    78
       Piece from Xom's  |       |       |       |       |     2 |       ||     2
  Use: Scroll            |       |       |       |    26 |     4 |     3 ||    33
       Potion            |       |       |       |       |     4 |       ||     4
 Stab: Sleeping          |       |     6 |     8 |     7 |    20 |     1 ||    42
       Distracted        |       |       |     1 |     2 |     7 |     2 ||    12
       Petrified         |       |       |       |       |     3 |       ||     3
       Petrifying        |       |       |       |       |     1 |       ||     1
       Paralysed         |       |       |       |       |     3 |     1 ||     4
Armor: Skin              |    23 |    57 |    93 |   222 |   462 |    36 ||   893
Dodge: Dodged            |    73 |   148 |   217 |   440 |   758 |    74 ||  1710
Block: Kite shield       |       |       |       |     2 |   971 |   182 ||  1155
       Reflection        |       |       |       |       |    20 |    25 ||    45
       Rpst.: Falchion   |    25 |    52 |    21 |       |       |       ||    98
       Scimitar          |       |       |    27 |   109 |   168 |    19 ||   323
